 Dungeon Crawl Stone Soup version 0.20.0-10-g0535bb4 (webtiles) character file.

1117 Monsterracer the Basher (level 8, -4/48 HPs)
             Began as a Gargoyle Berserker on June 5, 2017.
             Was a Priest of Trog (penitent).
             Slain by a polar bear (8 damage)
             ... created by the rage of Trog
             ... on level 5 of the Dungeon.
             The game lasted 00:14:12 (4962 turns).

Monsterracer the Basher (Gargoyle Berserker)        Turns: 4962, Time: 00:14:13

Health: -4/48      AC: 20    Str: 20    XL:     8   Next: 34%
Magic:  0/8        EV:  9    Int:  9    God:    Trog [*]
Gold:   177        SH:  0    Dex: 15    Spells: 7/7 levels left

rFire    + . .     SeeInvis .   a - +0 morningstar
rCold    . . .     Gourm    .   (no shield)
rNeg     + + .     Faith    .   p - +1 chain mail of Orhi {rF+}
rPois    ∞         Spirit   +   r - +0 helmet
rElec    +         Reflect  .   (no cloak)
rCorr    .         Harm     .   (no gloves)
MR       .....                  k - +1 pair of boots
Stlth    ..........             l - amulet of guardian spirit
Regen    0.2/turn               h - ring of positive energy
MPRegen  0.2/turn               d - +4 ring of dexterity

@: no status effects
A: yellow scales 1, blink, negative energy resistance 1, screaming 2,
electricity resistance, unbreathing, petrification resistance, rot immunity, AC
+5
a: Blink, Burn Spellbooks, Renounce Religion


You were on level 5 of the Dungeon.
You worshipped Trog.
Trog was demanding penance.
You were hungry.

You visited 1 branch of the dungeon, and saw 5 of its levels.

You collected 177 gold pieces.

Inventory:

Hand Weapons
 a - a +0 morningstar (weapon)
 b - a +0 war axe of flaming
Armour
 k - a +1 pair of boots (worn)
 p - the +1 chain mail of Orhi (worn) {rF+}
   (You found it on level 4 of the Dungeon)

   It protects you from fire.
 r - a +0 helmet (worn)
Jewellery
 d - a +4 ring of dexterity (right hand)
 h - a ring of positive energy (left hand)
 l - an amulet of guardian spirit (around neck)
Wands
 f - a wand of acid (7/15)
Scrolls
 e - 5 scrolls of enchant weapon
 m - a scroll of recharging
 u - 3 scrolls of identify
 v - 2 scrolls of remove curse
Potions
 g - a potion of cancellation
 q - a potion of curing
 s - a potion of mutation
 w - 2 potions of ambrosia
Comestibles
 c - 2 bread rations
 i - 5 meat rations
 j - 6 fruits
 o - 3 royal jellies
 t - 2 chunks of flesh


   Skills:
 + Level 4.4 Fighting
 * Level 8.9 Maces & Flails
 + Level 3.7 Armour
 + Level 2.7 Dodging


You had 7 spell levels left.
You didn't know any spells.

Dungeon Overview and Level Annotations

Branches:
Dungeon (5/15)
 Temple: D:4-7

Altars:
Elyvilon
Makhleb
Sif Muna
The Shining One


Innate Abilities, Weirdness & Mutations

You are resistant to torment.
Your stone body is resilient. (AC +5)
You are immune to poison.
You resist negative energy. (rN+)
You are resistant to electric shocks. (rElec)
You can survive without breathing.
You are immune to petrification.
You are immune to rotting.
You are partially covered in yellow scales. (AC +2)
You can translocate small distances at will.
You sometimes yell uncontrollably at your foes.


Message History

The polar bear bites you but does no damage.
The polar bear claws you but does no damage. x2
The polar bear bites you!!
* * * LOW HITPOINT WARNING * * *
The polar bear claws you but does no damage. x2
The polar bear barely misses you. The polar bear claws you.
* * * LOW MAGIC WARNING * * *;
* * * LOW HITPOINT WARNING * * *
The polar bear claws you but does no damage.
The polar bear bites you but does no damage.
The polar bear closely misses you.
The polar bear claws you but does no damage.
You are feeling hungry.
You puncture the polar bear!
The polar bear is heavily wounded.
The polar bear bites you but does no damage.
The polar bear closely misses you.
The polar bear claws you but does no damage.
The polar bear bites you!
* * * LOW MAGIC WARNING * * *
You die...

###...........#
##.........## #
#.#####....# # #.#
###### # ##.# #
#..# # #h## ****
##h# **,,**#h@#
**** *,,,,*#h##
*,,**** *,,,,*#h#
*,,,,,***,,,,*#(#
**,*,,,,,,,,,#≈.#**
***
*****,,,,,,Y....,**
**,**
****,...###..,***
*,,,** *#..#*
*##.,,****,,,,**
*#..*
*##,,**,,,,,,*


You could see 4 polar bears and a black bear (berserk).

Vanquished Creatures
  2 sky beasts (D:5)
  An ogre (D:4)
  A phantom (D:5)
  A bullfrog zombie (D:5)
  A centaur zombie (D:5)
  3 orc priests (D:5)
  3 orc wizards (D:5)
  Jessica (D:5)
  Ijyb (D:3)
  Terence (D:2)
  Natasha (thrice) (D:2)
  5 worker ants
  Robin (D:3)
  3 gnolls
  8 adders
  A shadow imp (D:5)
  2 oozes (D:1)
  3 worms (D:2)
  2 dart slugs
  3 leopard geckos
  9 orcs
  5 bats
  3 giant cockroaches
  23 goblins
  6 hobgoblins
  19 jackals
  2 quokkas
  3 frilled lizards
  7 kobolds
  A quokka skeleton (D:4)
  7 rats
131 creatures vanquished.

Notes
Turn   | Place    | Note
-------+----------+-------------------------------------------
     0 | D:1      | Monsterracer the Gargoyle Berserker began the quest for the Orb.
     0 | D:1      | Reached XP level 1. HP: 14/14 MP: 1/1
   116 | D:1      | Gained mutation: You occasionally shout uncontrollably at your foes. [potion of mutation]
   116 | D:1      | Gained mutation: You can translocate small distances at will. [potion of mutation]
   116 | D:1      | Gained mutation: You sometimes yell uncontrollably at your foes. [potion of mutation]
   116 | D:1      | Gained mutation: You are partially covered in yellow scales. (AC +2) [potion of mutation]
   191 | D:1      | Reached XP level 2. HP: 19/19 MP: 2/2
   468 | D:1      | Reached skill level 4 in Maces & Flails
   552 | D:1      | Reached XP level 3. HP: 23/23 MP: 3/3
   773 | D:1      | Reached ** piety under Trog
  1060 | D:2      | Reached XP level 4. HP: 27/28 MP: 4/4
  1320 | D:2      | Noticed Terence
  1327 | D:2      | Killed Terence
  1327 | D:2      | Reached skill level 5 in Maces & Flails
  1650 | D:2      | Found a glowing golden altar of the Shining One.
  1650 | D:2      | Found a white marble altar of Elyvilon.
  1713 | D:2      | Noticed Natasha
  1722 | D:2      | Reached XP level 5. HP: 28/32 MP: 5/5
  1729 | D:2      | Killed Natasha
  1985 | D:2      | Noticed Natasha
  1998 | D:2      | Killed Natasha
  1998 | D:2      | Reached skill level 6 in Maces & Flails
  2020 | D:2      | Found a burning altar of Makhleb.
  2196 | D:2      | Noticed Natasha
  2210 | D:2      | Killed Natasha
  2452 | D:3      | Noticed Robin
  2478 | D:3      | Reached *** piety under Trog
  2485 | D:3      | Killed Robin
  2489 | D:3      | Reached XP level 6. HP: 36/37 MP: 6/6
  2693 | D:3      | You fall through a shaft for 2 floors!
  2693 | D:5      | Entered Level 5 of the Dungeon
  2798 | D:5      | Reached skill level 7 in Maces & Flails
  2863 | D:5      | Noticed a sky beast
  2872 | D:5      | Killed a sky beast
  2932 | D:5      | Reached XP level 7. HP: 41/41 MP: 7/7
  3222 | D:4      | Reached skill level 8 in Maces & Flails
  3247 | D:4      | Was placed under penance by Trog
  3250 | D:4      | Learned a level 2 spell: Blink
  3783 | D:3      | Noticed Ijyb
  3790 | D:3      | Paralysed by Ijyb for 3 turns
  3796 | D:3      | Paralysed by Ijyb for 3 turns
  3808 | D:3      | Killed Ijyb
  4292 | D:4      | Got an ichor-stained chain mail
  4310 | D:4      | Identified the +1 chain mail of Orhi {rF+} (You found it on level 4 of the Dungeon)
  4760 | D:5      | Noticed Jessica
  4775 | D:5      | Killed Jessica
  4797 | D:5      | Found a deep blue altar of Sif Muna.
  4840 | D:5      | Reached XP level 8. HP: 46/48 MP: 8/8
  4960 | D:5      | Noticed a polar bear
  4960 | D:5      | Noticed a polar bear
  4960 | D:5      | Noticed a polar bear
  4960 | D:5      | Noticed a polar bear
  4962 | D:5      | Slain by a polar bear

Skill      XL: |  1  2  3  4  5  6  7 |
---------------+----------------------+-----
Maces & Flails | 4 5 6 7 8 |  8.9
Dodging        | 2 |  2.7
Armour         | 3 |  3.7
Fighting       | 4 |  4.4

Action                   |  1- 3 |  4- 6 |  7- 9 || total
-------------------------+-------+-------+-------++-------
Melee: Mace              |   103 |   162 |       ||   265
       Morningstar       |       |    32 |   190 ||   222
Invok: Berserk           |     1 |     4 |       ||     5
       Trog's Hand       |       |     1 |       ||     1
       Burn Spellbooks   |       |       |     1 ||     1
  Use: Potion            |     6 |     2 |     3 ||    11
       Scroll            |       |     6 |     7 ||    13
 Stab: Invisible         |       |       |     1 ||     1
  Eat: Chunk             |       |    12 |     6 ||    18
Armor: Leather armour    |    44 |    12 |       ||    56
       Chain mail        |       |   142 |   123 ||   265
Dodge: Dodged            |    75 |    97 |    74 ||   246
